TOP OF THE 1ST |
Detroit Tigers batting - Pitching for Milwaukee Brewers : RHP Elliott Payne
|
Pitching: RHP Elliott Payne
|
|
Batting: RHB Greg Harman
|
0-0: Ball 1-0: Ball 2-0: Ball 3-0: Called Strike 3-1: Called Strike 3-2: Fly out, F7 (Line Drive, 7, EV 93.1 MPH)
|
Batting: LHB Morgan Black
|
0-0: Called Strike 0-1: SOLO HOME RUN (Flyball, 7LD, EV 95.6 MPH), Distance : 358 ft
|
Batting: RHB Ryan Neal
|
0-0: Called Strike 0-1: Foul Ball, location: 2F 0-2: Ball 1-2: Ball 2-2: Ball 3-2: Strikes out looking
|
Batting: SHB Phil Zacharia
|
0-0: Ball 1-0: Fly out, F7 (Flyball, 7, EV 86.3 MPH)
|
Top of the 1st over - 1 run, 1 hit, 0 errors, 0 left on base; Detroit 1 - Milwaukee 0 |
BOTTOM OF THE 1ST |
Milwaukee Brewers batting - Pitching for Detroit Tigers : RHP Franklin Rojas
|
Pitching: RHP Franklin Rojas
|
|
Batting: RHB Daniel Donovan
|
0-0: Called Strike 0-1: Ball 1-1: Ball 2-1: Ball 3-1: Base on Balls
|
Batting: RHB Akitada Nishizawa
|
0-0: Ball 1-0: Ball 2-0: Swinging Strike 2-1: Ball 3-1: Swinging Strike 3-2: Strikes out looking
|
Batting: SHB Jason Woods
|
0-0: Ball 1-0: Foul Ball, location: 2F 1-1: Foul Ball, location: 2F 1-2: Ball 2-2: Ball 3-2: Fly out, F8 (Flyball, 89XD, EV 87.5 MPH)
|
Batting: LHB Cooper Broomhall
|
0-0: Swinging Strike 0-1: Fly out, F7 (Flyball, 7LM, EV 99.4 MPH)
|
Bottom of the 1st over - 0 runs, 0 hits, 0 errors, 1 left on base; Detroit 1 - Milwaukee 0 |
TOP OF THE 2ND |
Detroit Tigers batting - Pitching for Milwaukee Brewers : RHP Elliott Payne
|
Batting: RHB Randy Shrewsbury
|
0-0: Swinging Strike 0-1: Ball 1-1: Swinging Strike 1-2: Ball 2-2: Strikes out swinging
|
Batting: RHB Luke Feeney
|
0-0: Ball 1-0: Called Strike 1-1: Ball 2-1: Ball 3-1: Swinging Strike 3-2: Strikes out swinging
|
Batting: RHB Victor Quinones
|
0-0: Called Strike 0-1: Ground out 4-3 (Groundball, 4, EV 88.1 MPH)
|
Top of the 2nd over - 0 runs, 0 hits, 0 errors, 0 left on base; Detroit 1 - Milwaukee 0 |
BOTTOM OF THE 2ND |
Milwaukee Brewers batting - Pitching for Detroit Tigers : RHP Franklin Rojas
|
Batting: RHB Bobby Muniz
|
0-0: Ball 1-0: Called Strike 1-1: Ball 2-1: Ground out 5-3 (Groundball, 56S, EV 70.0 MPH)
|
Batting: LHB Jeff Taylor
|
0-0: Ball 1-0: Ball 2-0: Ball 3-0: Called Strike 3-1: Base on Balls
|
Batting: SHB Jean-François Bernard
|
0-0: Ball 1-0: Swinging Strike 1-1: Foul Ball, location: 2F 1-2: Ball 2-2: Foul Ball, location: 2F 2-2: Ground out 4-3 (Groundball, 4MS, EV 73.8 MPH) Jeff Taylor to second
|
Batting: RHB Cody Flowers
|
0-0: Ball 1-0: Swinging Strike 1-1: Ball 2-1: Foul Ball, location: 2F 2-2: Ground out 4-3 (Groundball, 4, EV 81.3 MPH)
|
Bottom of the 2nd over - 0 runs, 0 hits, 0 errors, 1 left on base; Detroit 1 - Milwaukee 0 |
TOP OF THE 3RD |
Detroit Tigers batting - Pitching for Milwaukee Brewers : RHP Elliott Payne
|
Batting: LHB Brad Turner
|
0-0: Swinging Strike 0-1: Swinging Strike 0-2: Ball 1-2: Foul Ball, location: 2F 1-2: Foul Ball, location: 2F 1-2: Ball 2-2: Ball 3-2: Strikes out swinging
|
Batting: RHB Adrian Novakovic
|
0-0: Foul Ball, location: 2F 0-1: SINGLE (Line Drive, 8RS, EV 93.8 MPH)
|
Batting: RHB Greg Harman
|
0-0: Called Strike 0-1: Ball 1-1: Ball 2-1: Ball Wild Pitch! Adrian Novakovic to second 3-1: Foul Ball, location: 2F 3-2: Base on Balls
|
Batting: LHB Morgan Black
|
0-0: Foul Ball, location: 2F 0-1: Grounds into double play, 4-6-3 (Groundball, 4, EV 84.4 MPH)
|
Top of the 3rd over - 0 runs, 1 hit, 0 errors, 1 left on base; Detroit 1 - Milwaukee 0 |
BOTTOM OF THE 3RD |
Milwaukee Brewers batting - Pitching for Detroit Tigers : RHP Franklin Rojas
|
Batting: RHB Kisho Ito
|
0-0: Swinging Strike 0-1: Swinging Strike 0-2: Ball 1-2: Ball 2-2: Strikes out swinging
|
Batting: RHB Daniel Donovan
|
0-0: Foul Ball, location: 2F 0-1: TRIPLE (Flyball, 7LD, EV 98.8 MPH)
|
Batting: RHB Akitada Nishizawa
|
0-0: Called Strike 0-1: Ball 1-1: Ball 2-1: Ball 3-1: Foul Ball, location: 2F 3-2: Fly out, F9 (Flyball, 9S, EV 94.4 MPH) Runner from 3rd tags up, SCORES, throw by RF
|
Batting: SHB Jason Woods
|
0-0: Foul Ball, location: 2F 0-1: Swinging Strike 0-2: Ball 1-2: Ball 2-2: Ball 3-2: Foul Ball, location: 2F 3-2: Fly out, F7 (Flyball, 7, EV 95.6 MPH)
|
Bottom of the 3rd over - 1 run, 1 hit, 0 errors, 0 left on base; Detroit 1 - Milwaukee 1 |
TOP OF THE 4TH |
Detroit Tigers batting - Pitching for Milwaukee Brewers : RHP Elliott Payne
|
Batting: RHB Ryan Neal
|
0-0: Called Strike 0-1: Ball 1-1: Ground out 1-3 (Groundball, 15S, EV 70.0 MPH)
|
Batting: SHB Phil Zacharia
|
0-0: Ball 1-0: Fly out, F6 (Popup, P, EV 80.0 MPH)
|
Batting: RHB Randy Shrewsbury
|
0-0: Swinging Strike 0-1: Ball 1-1: Swinging Strike 1-2: Ball 2-2: Strikes out swinging
|
Top of the 4th over - 0 runs, 0 hits, 0 errors, 0 left on base; Detroit 1 - Milwaukee 1 |
BOTTOM OF THE 4TH |
Milwaukee Brewers batting - Pitching for Detroit Tigers : RHP Franklin Rojas
|
Batting: LHB Cooper Broomhall
|
0-0: Ball 1-0: Called Strike 1-1: Ball 2-1: Ball 3-1: Called Strike 3-2: Foul Ball, location: 2F 3-2: DOUBLE (Line Drive, 7LS, EV 100.0 MPH)
|
Batting: RHB Bobby Muniz
|
0-0: Ball 1-0: Ball 2-0: Ball 3-0: Called Strike 3-1: Base on Balls
|
Batting: LHB Jeff Taylor
|
0-0: Foul Ball, location: 2F 0-1: Ball 1-1: Ball 2-1: Foul Ball, location: 2F 2-2: Foul Ball, location: 2F 2-2: Ball 3-2: Foul Ball, location: 2F 3-2: Foul Ball, location: 2F 3-2: Base on Balls Cooper Broomhall to third Bobby Muniz to second
|
Batting: SHB Jean-François Bernard
|
0-0: Ball 1-0: Called Strike 1-1: Fly out, F6 (Popup, 6, EV 63.1 MPH)
|
Batting: RHB Cody Flowers
|
0-0: Called Strike 0-1: SINGLE (Groundball, 25, EV 65.0 MPH) (infield hit) Cooper Broomhall scores Bobby Muniz to third Jeff Taylor to second
|
Batting: RHB Kisho Ito
|
0-0: Grounds into double play, 4-6-3 (Groundball, 4, EV 78.1 MPH)
|
Bottom of the 4th over - 1 run, 2 hits, 0 errors, 2 left on base; Detroit 1 - Milwaukee 2 |
TOP OF THE 5TH |
Detroit Tigers batting - Pitching for Milwaukee Brewers : RHP Elliott Payne
|
Batting: RHB Luke Feeney
|
0-0: Ball 1-0: DOUBLE (Flyball, 8RXD, EV 103.8 MPH)
|
Batting: RHB Victor Quinones
|
0-0: Called Strike 0-1: Ball 1-1: Ball 2-1: SINGLE (Groundball, 56D, EV 95.0 MPH) Luke Feeney to third
|
Batting: LHB Brad Turner
|
0-0: Ball 1-0: Called Strike 1-1: Ball 2-1: Ball 3-1: Base on Balls Victor Quinones to second
|
Batting: RHB Adrian Novakovic
|
0-0: Ball 1-0: Swinging Strike 1-1: Foul Ball, location: 2F 1-2: SINGLE (Groundball, 56D, EV 103.8 MPH) Luke Feeney scores Victor Quinones to third Brad Turner to second Runner from 3rd tries for Home, SAFE, throw by LF to home
|
Batting: RHB Greg Harman
|
0-0: Called Strike 0-1: Called Strike 0-2: Ball 1-2: Ball 2-2: Ball 3-2: Strikes out swinging
|
Batting: LHB Morgan Black
|
0-0: Ball 1-0: Ground out U3 (Groundball, 3L, EV 80.0 MPH) Brad Turner to third Adrian Novakovic to second
|
Batting: RHB Ryan Neal
|
0-0: Called Strike 0-1: Foul Ball, location: 2F 0-2: Ball 1-2: Foul Ball, location: 2F 1-2: Ball 2-2: Ball 3-2: Strikes out swinging
|
Top of the 5th over - 2 runs, 3 hits, 0 errors, 2 left on base; Detroit 3 - Milwaukee 2 |
BOTTOM OF THE 5TH |
Milwaukee Brewers batting - Pitching for Detroit Tigers : RHP Franklin Rojas
|
Batting: RHB Daniel Donovan
|
0-0: Ball 1-0: Ball 2-0: Ball 3-0: Base on Balls
|
Batting: RHB Akitada Nishizawa
|
0-0: Grounds into double play, 5-4-3 (Groundball, 56, EV 102.5 MPH)
|
Batting: SHB Jason Woods
|
0-0: Ball 1-0: Ball 2-0: Ball 3-0: Called Strike 3-1: SINGLE (Flyball, 9LS, EV 98.1 MPH)
|
Batting: LHB Cooper Broomhall
|
0-0: Ground out 4-3 (Groundball, 4, EV 88.8 MPH)
|
Bottom of the 5th over - 0 runs, 1 hit, 0 errors, 1 left on base; Detroit 3 - Milwaukee 2 |
TOP OF THE 6TH |
Detroit Tigers batting - Pitching for Milwaukee Brewers : RHP Elliott Payne
|
Batting: SHB Phil Zacharia
|
0-0: Swinging Strike 0-1: SINGLE (Groundball, 34D, EV 104.4 MPH)
|
Batting: RHB Randy Shrewsbury
|
0-0: Called Strike 0-1: Swinging Strike 0-2: Ball 1-2: Foul Ball, location: 2F 1-2: Foul Ball, location: 2F 1-2: Ball 2-2: Grounds into double play, 3-6-3 (Groundball, 34, EV 91.3 MPH)
|
Pitching: RHP Willie Felix
|
|
Batting: RHB Luke Feeney
|
0-0: Swinging Strike 0-1: Foul Ball, location: 2F 0-2: Ball 1-2: Strikes out looking
|
Top of the 6th over - 0 runs, 1 hit, 0 errors, 0 left on base; Detroit 3 - Milwaukee 2 |
BOTTOM OF THE 6TH |
Milwaukee Brewers batting - Pitching for Detroit Tigers : RHP Franklin Rojas
|
Pitching: RHP Bryce Cleavinger
|
|
Batting: RHB Bobby Muniz
|
0-0: Foul Ball, location: 2F 0-1: Ball 1-1: Ball 2-1: Foul Ball, location: 2F 2-2: Foul Ball, location: 2F 2-2: Foul Ball, location: 2F 2-2: Strikes out swinging
|
Batting: LHB Jeff Taylor
|
0-0: Ball 1-0: Foul Ball, location: 2F 1-1: Called Strike 1-2: Ground out 3-1 (Groundball, 34S, EV 76.9 MPH)
|
Batting: SHB Jean-François Bernard
|
0-0: Ball 1-0: Fly out, F5 (Popup, 5L, EV 67.5 MPH)
|
Bottom of the 6th over - 0 runs, 0 hits, 0 errors, 0 left on base; Detroit 3 - Milwaukee 2 |
TOP OF THE 7TH |
Detroit Tigers batting - Pitching for Milwaukee Brewers : RHP Willie Felix
|
Batting: RHB Victor Quinones
|
0-0: Called Strike 0-1: Ball 1-1: Foul Ball, location: 2F 1-2: SINGLE (Groundball, 34D, EV 98.1 MPH)
|
Batting: LHB Brad Turner
|
0-0: Ball Victor Quinones steals 2nd base 1-0: Ball 2-0: Foul Ball, location: 2F 2-1: Called Strike 2-2: Ball 3-2: Foul Ball, location: 2F 3-2: Fly out, F4 (Flyball, 34D, EV 88.1 MPH)
|
Batting: RHB Adrian Novakovic
|
0-0: Called Strike 0-1: Called Strike 0-2: Ball 1-2: Strikes out swinging
|
Batting: RHB Greg Harman
|
0-0: Foul Ball, location: 2F 0-1: Ball 1-1: Ball 2-1: Swinging Strike 2-2: Strikes out swinging
|
Top of the 7th over - 0 runs, 1 hit, 0 errors, 1 left on base; Detroit 3 - Milwaukee 2 |
BOTTOM OF THE 7TH |
Milwaukee Brewers batting - Pitching for Detroit Tigers : RHP Bryce Cleavinger
|
Batting: RHB Cody Flowers
|
0-0: Called Strike 0-1: Ground out 4-3 (Groundball, 4, EV 85.0 MPH)
|
Pinch Hitting: LHB Jeremy Kuiper
|
0-0: Ball 1-0: Called Strike 1-1: Ball 2-1: Called Strike 2-2: Foul Ball, location: 2F 2-2: Fly out, F8 (Line Drive, 8LM, EV 91.3 MPH)
|
Batting: RHB Daniel Donovan
|
0-0: Called Strike 0-1: Swinging Strike 0-2: Ball 1-2: Strikes out looking
|
Bottom of the 7th over - 0 runs, 0 hits, 0 errors, 0 left on base; Detroit 3 - Milwaukee 2 |
TOP OF THE 8TH |
Detroit Tigers batting - Pitching for Milwaukee Brewers : RHP Willie Felix
|
Now at SS: Noah Stanley
|
|
Batting: LHB Morgan Black
|
0-0: Ball 1-0: Ball 2-0: Foul Ball, location: 2F 2-1: Ball 3-1: Swinging Strike 3-2: Foul Ball, location: 2F 3-2: Foul Ball, location: 2F 3-2: Base on Balls
|
Batting: RHB Ryan Neal
|
0-0: Called Strike 0-1: Ball 1-1: Ball Wild Pitch! Morgan Black to second 2-1: Fly out, F5 (Line Drive, 5, EV 60.6 MPH)
|
Batting: SHB Phil Zacharia
|
0-0: Intentional Walk
|
Batting: RHB Randy Shrewsbury
|
0-0: Called Strike 0-1: Called Strike 0-2: Foul Ball, location: 2F 0-2: Ball 1-2: Ball 2-2: Ball 3-2: Foul Ball, location: 2F 3-2: Grounds into double play, 4-6-3 (Groundball, 4, EV 80.0 MPH)
|
Top of the 8th over - 0 runs, 0 hits, 0 errors, 1 left on base; Detroit 3 - Milwaukee 2 |
BOTTOM OF THE 8TH |
Milwaukee Brewers batting - Pitching for Detroit Tigers : RHP Bryce Cleavinger
|
Pinch Hitting: SHB Pat Wilson
|
0-0: Fly out, F7 (Flyball, 78M, EV 86.9 MPH)
|
Batting: SHB Jason Woods
|
0-0: Ball 1-0: Ground out 4-3 (Groundball, 4, EV 105.6 MPH)
|
Batting: LHB Cooper Broomhall
|
0-0: Ball 1-0: Ball 2-0: Foul Ball, location: 2F 2-1: Foul Ball, location: 2F 2-2: Ground out 4-3 (Groundball, 4, EV 80.0 MPH)
|
Bottom of the 8th over - 0 runs, 0 hits, 0 errors, 0 left on base; Detroit 3 - Milwaukee 2 |
TOP OF THE 9TH |
Detroit Tigers batting - Pitching for Milwaukee Brewers : RHP Willie Felix
|
Pitching: RHP Jose Avila
|
|
Now in LF: Pat Wilson
|
|
Now in RF: Daniel Donovan
|
|
Batting: RHB Luke Feeney
|
0-0: Called Strike 0-1: Ball 1-1: Foul Ball, location: 2F 1-2: Fly out, F9 (Flyball, 9, EV 88.1 MPH)
|
Batting: RHB Victor Quinones
|
0-0: Foul Ball, location: 2F 0-1: Ball 1-1: Ball 2-1: Foul Ball, location: 2F 2-2: Strikes out swinging
|
Batting: LHB Brad Turner
|
0-0: Called Strike 0-1: Ball 1-1: Fly out, F7 (Flyball, 7LM, EV 85.0 MPH)
|
Top of the 9th over - 0 runs, 0 hits, 0 errors, 0 left on base; Detroit 3 - Milwaukee 2 |
BOTTOM OF THE 9TH |
Milwaukee Brewers batting - Pitching for Detroit Tigers : RHP Bryce Cleavinger
|
Pitching: RHP Riso Profanter
|
|
Batting: RHB Bobby Muniz
|
0-0: Foul Ball, location: 2F 0-1: Swinging Strike 0-2: Fly out, F9 (Line Drive, 9, EV 101.3 MPH)
|
Batting: LHB Jeff Taylor
|
0-0: Foul Ball, location: 2F 0-1: Fly out, F7 (Line Drive, 7D, EV 94.4 MPH)
|
Batting: SHB Jean-François Bernard
|
0-0: Called Strike 0-1: Called Strike 0-2: Foul Ball, location: 2F 0-2: Ball 1-2: Foul Ball, location: 2F 1-2: Foul Ball, location: 2F 1-2: Strikes out looking
|
Bottom of the 9th over - 0 runs, 0 hits, 0 errors, 0 left on base; Detroit 3 - Milwaukee 2 |
|